[Event "Early-Titled-Tuesday-Blitz-January-23-2024"]
[Site "Chess.com"]
[Date "2024.01.23"]
[Round "8"]
[White "Seochesspie"]
[Black "Sanyura"]
[Result "1-0"]
[WhiteElo "2798"]
[BlackElo "2626"]
[TimeControl "180+1"]
[EndTime "9:26:49 PST"]
[Termination "Seochesspie won by resignation"]

1. c4 Nf6 2. Nc3 g6 3. d4 d6 4. e4 Bg7 5. Be2 O-O 6. h4 c5 7. d5 e6 8. h5 exd5 9. exd5 Re8 10. h6 Bh8 11. Bg5 Qa5 12. Qd2 b5 13. cxb5 Qb6 14.
Nf3 Bf5 15. O-O Nbd7 16. Rfe1 Ne4 17. Nxe4 Bxe4 18. a4 Qb7 19. Rad1 Nb6 20. Qf4 Nxd5 21. Qxd6 Bxb2 22. Bc4 Nb6 23. Ba2 Bxf3 24. gxf3 Qxf3 25.
Qf4 Qxf4 26. Bxf4 c4 27. Rxe8+ Rxe8 28. a5 Na4 29. Bxc4 Nc3 30. Rd7 Ne2+ 31. Bxe2 1-0

[Event "Early-Titled-Tuesday-Blitz-January-23-2024"]
[Site "Chess.com"]
[Date "2024.01.23"]
[Round "8"]
[White "Rodalquilar"]
[Black "DefiantChair"]
[Result "1-0"]
[WhiteElo "2734"]
[BlackElo "2561"]
[TimeControl "180+1"]
[EndTime "9:26:53 PST"]
[Termination "Rodalquilar won by resignation"]

1. d4 Nf6 2. Nf3 d5 3. Bf4 c5 4. e3 Nc6 5. c3 Qb6 6. Qc2 Bg4 7.
Nbd2 e6 8. h3 Bf5 9. dxc5 Bxc5 10. Qb3 O-O 11. Be2 h6 12. O-O Rfc8 13. Bh2 Be7 14. Nd4 Qxb3 15. axb3 Nxd4 16. exd4 a6 17. b4 Ne4 18. Nb3 Bd6 19. Nc5 Bxh2+ 20. Kxh2 Nd6 21. Ra2 Rd8 22. g4 Bg6 23. h4 Rab8 24. h5 Bh7 25.
Kg3 f6 26. f3 Kf7 27. Raa1 Rbc8 28. Rfe1 Rc7 29. Nxe6 Kxe6 30. Bd3+ Kf7 31. Bxh7 Re7 32. Bg6+ Kf8 33. Kf2 Rdd7 34. Rxe7 Rxe7 35. Ra5 Nc4 36.
Rxd5 Rc7 37. b3 Nd2 38. Rc5 Rxc5 39. dxc5 Nxb3 40. Ke3 a5 41. Bc2 Nc1 42. Kd2 Na2 43. bxa5 1-0

[Event "Early-Titled-Tuesday-Blitz-January-23-2024"]
[Site "Chess.com"]
[Date "2024.01.23"]
[Round "8"]
[White "JiiHart"]
[Black "Boninknights"]
[Result "0-1"]
[WhiteElo "2148"]
[BlackElo "2344"]
[TimeControl "180+1"]
[EndTime "9:26:55 PST"]
[Termination "Boninknights won by checkmate"]

1. e4 c6 2. d4 a6 3. Nd2 d5 4. Ngf3 Bg4 5. c3 e6 6. Bd3 Nf6 7. h3 Bh5 8. Qe2 Be7 9. e5 Nfd7 10.
Nf1 c5 11. Be3 Nc6 12. Ng3 Bg6 13. O-O Bxd3 14. Qxd3 O-O 15. Rfe1 b5 16. Nh2 Qb6 17. f4 f6 18. Nf3 fxe5 19. fxe5 cxd4 20. cxd4 Rxf3 21. gxf3 Bh4 22. Kh2 Rf8 23. Rf1 Qd8 24. Rac1 Ne7 25. Bf2 Ng6 26. Ne2 Bxf2 27. Rxf2 Qh4 28.
Rg2 Ngxe5 29. dxe5 Nxe5 30. Qd4 Nxf3+ 31. Kh1 Qxh3+ 32. Rh2 Qxh2# 0-1

[Event "Early-Titled-Tuesday-Blitz-January-23-2024"]
[Site "Chess.com"]
[Date "2024.01.23"]
[Round "8"]
[White "Tsyhanchuk_Stanislav"]
[Black "FMCarmona"]
[Result "0-1"]
[WhiteElo "2255"]
[BlackElo "2170"]
[TimeControl "180+1"]
[EndTime "9:26:57 PST"]
[Termination "FMCarmona won on time"]

1. e4 e5 2. Nf3 Nc6 3. Bc4 Bc5 4. c3 Nf6 5. d4 exd4 6. b4 Bb6 7. e5 d5 8. exf6 dxc4 9. Qe2+ Be6 10. b5 Na5 11. fxg7 Rg8 12. Bg5 Qd5 13. Bf6 Qxb5 14.
Nxd4 Bxd4 15. Bxd4 O-O-O 16. O-O Nc6 17. Bf6 Rd3 18. Na3 Qf5 19. Bh4 Rxg7 20. Rad1 h5 21. Rd2 Qf4 22. Rxd3 cxd3 23. Qe3 Qxh4 0-1

[Event "Early-Titled-Tuesday-Blitz-January-23-2024"]
[Site "Chess.com"]
[Date "2024.01.23"]
[Round "8"]
[White "Reality-Stone"]
[Black "Pliukha_Mikhail"]
[Result "0-1"]
[WhiteElo "2624"]
[BlackElo "2750"]
[TimeControl "180+1"]
[EndTime "9:27:01 PST"]
[Termination "Pliukha_Mikhail won by resignation"]

1. d4 Nf6 2. c4 e6 3. Nf3 d5 4.
g3 c5 5. cxd5 exd5 6. Bg2 Nc6 7.
O-O cxd4 8. Nxd4 Bc5 9. Nb3 Bb6 10. Nc3 d4 11. Na4 O-O 12. Bg5 h6 13. Bxf6 Qxf6 14.
Nxb6 axb6 15. Bxc6 bxc6 16. Qxd4 Qd8 17. Rfd1 Qxd4 18. Nxd4 c5 19. Nb5 Ra5 20. Nc3 b5 21.
Rd5 b4 22. Ne4 Re8 23. Nd6 Be6 24. Rxc5 Rxc5 25. Nxe8 Rc2 26. a4 Rxb2 27. a5 b3 28.
Nc7 Ra2 29. Rb1 b2 30. Kg2 Bf5 31. Rxb2 Rxb2 32. Kf3 Ra2 33. a6 Bc8 34. Nd5 Bxa6 35. Nb4 Ra3+ 36. e3 Bb7+ 37. Kf4 Rb3 0-1

[Event "Early-Titled-Tuesday-Blitz-January-23-2024"]
[Site "Chess.com"]
[Date "2024.01.23"]
[Round "8"]
[White "Natalya_Buksa"]
[Black "supereagles1201"]
[Result "1-0"]
[WhiteElo "2598"]
[BlackElo "2388"]
[TimeControl "180+1"]
[EndTime "9:27:02 PST"]
[Termination "Natalya_Buksa won by resignation"]

1. d4 d5 2. Nc3 Nf6 3. Bf4 e6 4. e3 a6 5. Bd3 Bb4 6. Ne2 c5 7. dxc5 Nbd7 8. Bg5 Nxc5 9. O-O h6 10. Bh4 O-O 11. a3 Nxd3 12. cxd3 Be7 13. d4 Nh5 14. Bxe7 Qxe7 15. Na4 Bd7 16. Nc5 Bb5 17. Re1 Bxe2 18.
Qxe2 Nf6 19. Rac1 Rfc8 20. h3 Rc7 21. Rc2 Rac8 22. Rec1 Qd6 23. Nxb7 Rxc2 24. Rxc2 Rxc2 25. Qxc2 Qb6 26. Nc5 g6 27. b4 Kg7 28. Qc3 Qb5 29. Qd3 Ne8 30. Qxb5 axb5 31. a4 bxa4 32. Nxa4 Nd6 33.
Nc3 Kf6 34. Kf1 Ke7 35. Ke2 Kd7 36. Kd3 Kc6 37. Kc2 h5 38. Kb3 Nf5 39. b5+ Kb6 40. Kb4 Nh4 41. g3 Nf3 42. Na4+ Kc7 43. b6+ Kc6 44.
Ka5 Nd2 45. Ka6 Nc4 46. b7 Kc7 47. Ka7 1-0

[Event "Early-Titled-Tuesday-Blitz-January-23-2024"]
[Site "Chess.com"]
[Date "2024.01.23"]
[Round "8"]
[White "LastHeroJr"]
[Black "NM_Antelacus"]
[Result "0-1"]
[WhiteElo "2437"]
[BlackElo "2220"]
[TimeControl "180+1"]
[EndTime "9:27:04 PST"]
[Termination "NM_Antelacus won by resignation"]

1. e4 c5 2. Nc3 Nc6 3. g3 g6 4. Bg2 Bg7 5. d3 d6 6. f4 e6 7. Nf3 Nge7 8. O-O O-O 9. Be3 Nd4 10. Rb1 Rb8 11. Ne2 Nec6 12. c3 Nxf3+ 13. Bxf3 b5 14. e5 Qc7 15. d4 cxd4 16. cxd4 d5 17. Rc1 Qb6 18. g4 a5 19. Ng3 Ba6 20. Rf2 Rbc8 21. h4 Nb4 22. Rxc8 Rxc8 23. a3 Nc6 24. Rc2 Ne7 25. Rxc8+ Bxc8 26. Qd2 b4 27. axb4 axb4 28. h5 Ba6 29. Kf2 Nc6 30. f5 Na5 31. f6 Bf8 32.
Be2 Bxe2 33. Nxe2 Nc4 34. Qc2 b3 35. Qc1 Bb4 36. hxg6 hxg6 37. Kf3 Qa5 38. Bf2 Bd2 39. Qh1 Qa2 40. Nf4 Bxf4 41. Kxf4 Qxb2 42. Be1 Qc1+ 43. Kg3 Qe3+ 44. Kh4 Qh6+ 0-1

[Event "Early-Titled-Tuesday-Blitz-January-23-2024"]
[Site "Chess.com"]
[Date "2024.01.23"]
[Round "8"]
[White "stratacticos"]
[Black "RaugintaBulba"]
[Result "0-1"]
[WhiteElo "2021"]
[BlackElo "2437"]
[TimeControl "180+1"]
[EndTime "9:27:04 PST"]
[Termination "RaugintaBulba won on time"]

1. b4 h6 2. Bb2 e6 3. Nf3 Nf6 4. b5 b6 5. e3 Bb7 6. Be2 Be7 7.
O-O O-O 8. c4 d5 9. d3 c6 10. a4 Nbd7 11. Qc2 Rc8 12. Nc3 dxc4 13. dxc4 Nc5 14. Rfd1 Qc7 15. bxc6 Qxc6 16. Nb5 Ra8 17. a5 bxa5 18. Rxa5 a6 19. Nbd4 Qc7 20. Rda1 Nce4 21.
Ba3 Rfc8 22. Bxe7 Qxe7 23. Bd3 Rc7 24. Qb3 Nc5 25. Qa3 Nxd3 26. Qxd3 Rac8 27. Ne5 Ne4 28.
f4 Qh4 0-1

[Event "Early-Titled-Tuesday-Blitz-January-23-2024"]
[Site "Chess.com"]
[Date "2024.01.23"]
[Round "8"]
[White "AnaKuchava"]
[Black "SmirnovTimofey2000"]
[Result "1-0"]
[WhiteElo "2220"]
[BlackElo "1958"]
[TimeControl "180+1"]
[EndTime "9:27:04 PST"]
[Termination "AnaKuchava won by resignation"]

1. d4 d5 2. Nf3 Nf6 3. c4 c6 4. Qb3 e6 5. Bg5 Be7 6. e3 O-O 7. Bd3 h6 8. Bh4 Nbd7 9. O-O a5 10. Nc3 dxc4 11. Bxc4 Nd5 12. Bg3 N7f6 13. Rfe1 Nxc3 14. bxc3 a4 15. Qc2 Qa5 16. e4 Rd8 17. Rab1 b5 18.
Bd3 Ba3 19. Ne5 Bb7 20. Kh1 Nd7 21. Nf3 Nb6 22. c4 bxc4 23. Bxc4 Nxc4 24. Qxc4 Ba6 25. Qxc6 Rac8 26. Qb6 Qxb6 27. Rxb6 Bd3 28. h4 Kf8 29. Re3 Rc1+ 30. Kh2 Bc4 31. Rxa3 Rd1 32. Bd6+ Ke8 33. e5 Rc8 34. Rc3 Bd5 35. Rxc8+ 1-0

[Event "Early-Titled-Tuesday-Blitz-January-23-2024"]
[Site "Chess.com"]
[Date "2024.01.23"]
[Round "8"]
[White "ViktoriyaTarasova"]
[Black "Larina_Maria"]
[Result "0-1"]
[WhiteElo "2288"]
[BlackElo "2190"]
[TimeControl "180+1"]
[EndTime "9:27:05 PST"]
[Termination "Larina_Maria won by resignation"]

1. d4 f5 2. c4 Nf6 3. g3 g6 4. Bg2 Bg7 5. Nf3 O-O 6. O-O d6 7. Nc3 Nc6 8. b3 e5 9. dxe5 dxe5 10. e4 Nxe4 11. Nxe4 fxe4 12. Ng5 Qd4 13. Be3 Qxd1 14. Rfxd1 Nd4 15. Bxe4 h6 16. Bd5+ Kh8 17. Nf7+ Kh7 18. Bxd4 exd4 19. c5 Bg4 20. f3 Bf5 21. Bxb7 Rab8 22.
Bd5 Bc2 23. Re1 d3 24. Rad1 Rbe8 25. Kf1 Bc3 26. Rxe8 Rxe8 27. Rc1 d2 0-1

[Event "Early-Titled-Tuesday-Blitz-January-23-2024"]
[Site "Chess.com"]
[Date "2024.01.23"]
[Round "8"]
[White "nihalsarin"]
[Black "abhidabhi"]
[Result "1-0"]
[WhiteElo "3187"]
[BlackElo "2932"]
[TimeControl "180+1"]
[EndTime "9:27:06 PST"]
[Termination "nihalsarin won by resignation"]

1. g4 d5 2. Bg2 c6 3. g5 e5 4. d4 Nd7 5. h4 Bd6 6. c4 dxc4 7. d5 cxd5 8. Qxd5 Nb6 9. Qa5 Ne7 10. Nc3 Nc6 11. Bxc6+ bxc6 12. Be3 O-O 13. O-O-O Qe7 14. Rxd6 Qxd6 15. Bxb6 axb6 16. Qxa8 b5 17. Nf3 e4 18. Nxe4 Qf4+ 19. Ned2 Bf5 20. Qa3 Rd8 21. Rd1 h5 22.
Qe3 Qc7 23. Ne4 Ra8 24. a3 b4 25. axb4 Qe7 26. Nf6+ Kf8 27. Qxe7+ Kxe7 28. Nxh5 1-0

[Event "Early-Titled-Tuesday-Blitz-January-23-2024"]
[Site "Chess.com"]
[Date "2024.01.23"]
[Round "8"]
[White "alekroth65"]
[Black "olawsson"]
[Result "1-0"]
[WhiteElo "2345"]
[BlackElo "2159"]
[TimeControl "180+1"]
[EndTime "9:27:06 PST"]
[Termination "alekroth65 won on time"]

1. d4 d6 2. c4 g6 3. Nc3 Bg7 4. e4 Nc6 5. Nge2 e5 6. Be3 f5 7. exf5 gxf5 8. d5 Nce7 9. f4 Nf6 10. h3 O-O 11. Qd2 Ne4 12. Nxe4 fxe4 13. g4 exf4 14. Nxf4 Ng6 15. Nxg6 hxg6 16. O-O-O Qh4 17. Be2 Bd7 18. Bg5 Qf2 19. Be3 Qh4 20. Bg5 Qf2 21. Rdf1 Qg2 22. Rfg1 Qf2 23. h4 b5 24. Be3 Qf6 25. h5 bxc4 26. h6 Bh8 27. h7+ 1-0

[Event "Early-Titled-Tuesday-Blitz-January-23-2024"]
[Site "Chess.com"]
[Date "2024.01.23"]
[Round "8"]
[White "Makswolf200817"]
[Black "GatoRojo150"]
[Result "1-0"]
[WhiteElo "2743"]
[BlackElo "2604"]
[TimeControl "180+1"]
[EndTime "9:27:07 PST"]
[Termination "Makswolf200817 won by resignation"]

1. e4 e5 2. Nf3 Nc6 3. Bc4 Nf6 4. d3 Be7 5. c3 d5 6. exd5 Nxd5 7. O-O O-O 8. Re1 Bg4 9. Nbd2 Nb6 10. Bb5 f6 11. h3 Bh5 12. Ne4 Kh8 13. Ng3 Bg6 14. d4 exd4 15. Bxc6 bxc6 16. Nxd4 c5 17. Ne6 Qxd1 18. Rxd1 Rfc8 19. Bf4 Nc4 20. Nxc7 Nxb2 21. Rd7 Bf8 22. Nxa8 Rxa8 23. h4 h6 24. h5 Be8 25.
Rb7 Nd3 26. Rb8 Bc6 27. Rab1 Nxf4 28. Rxa8 Bxa8 29. Rb8 Bd5 30. Rxf8+ Kh7 31. a4 Bxg2 32. Rf7 a5 33. Ra7 Bc6 34. Rxa5 Nd3 35. Ra6 Bb7 36. Rb6 Bf3 37. a5 g6 38. Rxf6 gxh5 39. Rxf3 1-0

[Event "Early-Titled-Tuesday-Blitz-January-23-2024"]
[Site "Chess.com"]
[Date "2024.01.23"]
[Round "8"]
[White "campochess"]
[Black "Chesstiger64"]
[Result "0-1"]
[WhiteElo "2084"]
[BlackElo "2202"]
[TimeControl "180+1"]
[EndTime "9:27:07 PST"]
[Termination "Chesstiger64 won by resignation"]

1. e4 e6 2. Qe2 c5 3. c3 Nc6 4. Nf3 Nge7 5. d4 cxd4 6. cxd4 d5 7.
e5 Nf5 8. Be3 Bb4+ 9. Nc3 Qa5 10. Qc2 Bd7 11. Bd3 g6 12. O-O Rc8 13. Rfc1 Bxc3 14.
bxc3 Nxe3 15. fxe3 O-O 16. Qb2 b6 17. Nd2 Ne7 18.
Nb3 Qa4 19. h4 Bb5 20. Bc2 Qc4 21. Nd2 Qxc3 22. Qxc3 Rxc3 23. Bb3 Rxe3 24. Nf3 Be2 25. Kf2 Nf5 26. Re1 Bxf3 27. Rxe3 Nxe3 28. Kxf3 Nf5 29.
Rd1 Rc8 30. Kf4 h5 31. Kg5 Kg7 32. Rd3 Rc1 33. g3 b5 34. a4 a6 35. axb5 axb5 36. Kf4 b4 37. Kf3 Rc3 38. Rxc3 bxc3 39. Ke2 Nxd4+ 0-1

[Event "Early-Titled-Tuesday-Blitz-January-23-2024"]
[Site "Chess.com"]
[Date "2024.01.23"]
[Round "8"]
[White "ferdipy"]
[Black "OneTrickPony_82"]
[Result "0-1"]
[WhiteElo "2286"]
[BlackElo "2501"]
[TimeControl "180+1"]
[EndTime "9:27:10 PST"]
[Termination "OneTrickPony_82 won on time"]

1. e4 e5 2. Nf3 Nc6 3. Bb5 a6 4.
Ba4 Nf6 5. d3 b5 6. Bb3 Bc5 7. O-O d6 8. c3 Bb6 9. Re1 h6 10. d4 Bg4 11. d5 Ne7 12. h3 Bd7 13. a4 Ng6 14. axb5 axb5 15. Rxa8 Qxa8 16. Nbd2 Qa7 17. Rf1 Nh5 18. Nxe5 Ng3 19. Nxg6 fxg6 20. Re1 Bxf2+ 21. Kh2 O-O 22. Nf3 Bxe1 23. Qxe1 Nh5 24. e5 dxe5 25. Qxe5 Kh7 26. Qe7 Rxf3 27. Qxd7 Rf1 0-1

[Event "Early-Titled-Tuesday-Blitz-January-23-2024"]
[Site "Chess.com"]
[Date "2024.01.23"]
[Round "8"]
[White "Ginger_GM"]
[Black "snowlord"]
[Result "0-1"]
[WhiteElo "2684"]
[BlackElo "2865"]
[TimeControl "180+1"]
[EndTime "9:27:11 PST"]
[Termination "snowlord won by resignation"]

1. d4 Nf6 2. Bg5 e6 3. Nf3 h6 4.
Bxf6 Qxf6 5. e4 g5 6. e5 Qe7 7.
Nc3 Bg7 8. h4 g4 9. Nd2 h5 10.
Nde4 d6 11. Bb5+ Kf8 12. O-O a6 13. Bd3 dxe5 14. dxe5 Qxh4 15. g3 Qe7 16. f4 Nc6 17.
Kg2 b6 18. Ng5 Bb7 19. Be4 Rd8 20. Qe2 Bxe5 21. Nxf7 Nd4 22. Nxe5 Nxe2 23. Ng6+ Ke8 24. Nxe7 Bxe4+ 25. Nxe4 Kxe7 26. Rae1 Nd4 27. Ng5 Rh6 28. f5 Nxc2 29. Rxe6+ Rxe6 0-1

[Event "Early-Titled-Tuesday-Blitz-January-23-2024"]
[Site "Chess.com"]
[Date "2024.01.23"]
[Round "8"]
[White "Andrej2004"]
[Black "s4p0ud"]
[Result "0-1"]
[WhiteElo "2620"]
[BlackElo "2528"]
[TimeControl "180+1"]
[EndTime "9:27:12 PST"]
[Termination "s4p0ud won by resignation"]

1. Nf3 c5 2. c4 Nc6 3. g3 d6 4.
Bg2 g6 5. Nc3 Bg7 6. b3 Nf6 7.
Bb2 O-O 8. O-O Bg4 9. h3 Bxf3 10. Bxf3 Qd7 11. Bg2 e6 12. g4 d5 13. g5 Ne8 14.
cxd5 exd5 15. Bxd5 Qxh3 16. Bg2 Qh4 17. f4 Rd8 18. e3 Nb4 19. Rb1 Nd3 20. Ba1 Nd6 21.
Nd5 Nf5 22. Bxg7 Kxg7 23. Nf6 Ng3 24. Rf3 h6 25. b4 hxg5 26. fxg5 Qxg5 27. Rb3 c4 28.
Rxd3 cxd3 29. Qa1 Ne2+ 30. Kf2 Qh4+ 31. Kf1 Ng3+ 32. Rxg3 Qxf6+ 0-1

[Event "Early-Titled-Tuesday-Blitz-January-23-2024"]
[Site "Chess.com"]
[Date "2024.01.23"]
[Round "8"]
[White "AndresDelgado77"]
[Black "JeFumeDesClopes"]
[Result "0-1"]
[WhiteElo "2393"]
[BlackElo "2535"]
[TimeControl "180+1"]
[EndTime "9:27:13 PST"]
[Termination "JeFumeDesClopes won on time"]

1. e4 g6 2. d4 Bg7 3. Nf3 d6 4. Bc4 Nf6 5. Qe2 c6 6. Bb3 a5 7. a4 Na6 8. O-O O-O 9. e5 Nd5 10. h3 Nac7 11. Bg5 h6 12. Bh4 b5 13. axb5 cxb5 14.
Bxd5 Nxd5 15. Qxb5 dxe5 16. Re1 exd4 17. Ne5 Be6 18.
Nxg6 fxg6 19. Rxe6 Nc7 20. Qc4 Nxe6 21. Qxe6+ Kh7 22.
Bxe7 Re8 23. Bxd8 Rxe6 24. Bh4 Re1+ 25. Kh2 Be5+ 26. g3 g5 27. f4 Bf6 28. fxg5 hxg5 29. g4 gxh4 0-1

[Event "Early-Titled-Tuesday-Blitz-January-23-2024"]
[Site "Chess.com"]
[Date "2024.01.23"]
[Round "8"]
[White "MITerryble"]
[Black "KNVB"]
[Result "1-0"]
[WhiteElo "3002"]
[BlackElo "2754"]
[TimeControl "180+1"]
[EndTime "9:27:14 PST"]
[Termination "MITerryble won on time"]

1. d4 Nf6 2. Bg5 e6 3. e4 h6 4. Bxf6 Qxf6 5. c3 d6 6. Bd3 Nd7 7. Ne2 g6 8. O-O Bg7 9. f4 Qe7 10. Nd2 b6 11. e5 Bb7 12. Be4 Bxe4 13. Nxe4 O-O 14. Qa4 b5 15. Qa5 d5 16. Nf2 c5 17. a4 bxa4 18. Rxa4 Rfb8 19. Ra2 Bf8 20. Nd3 Rb7 21. Qa6 Rab8 22. b4 cxb4 23. Nxb4 Qe8 24.
Nc6 Rb6 25. Qa4 Nc5 26. dxc5 Rxc6 27. Nd4 Bxc5 28. Kh1 Bxd4 29. cxd4 1-0

[Event "Early-Titled-Tuesday-Blitz-January-23-2024"]
[Site "Chess.com"]
[Date "2024.01.23"]
[Round "8"]
[White "tigurones"]
[Black "Alexei_Gubajdullin"]
[Result "1-0"]
[WhiteElo "2452"]
[BlackElo "2575"]
[TimeControl "180+1"]
[EndTime "9:27:15 PST"]
[Termination "tigurones won by checkmate"]

1. d4 Nf6 2. Nf3 d5 3. Bf4 c6 4.
e3 Bf5 5. c4 Qb6 6. Qb3 Qxb3 7.
axb3 e6 8. c5 Nbd7 9. b4 Nh5 10.
Bg5 f6 11. Bh4 g5 12. Bg3 a6 13. b5 cxb5 14. Bxb5 Rc8 15. Bxd7+ Kxd7 16. Nc3 Be7 17. b4 Bd3 18. Kd2 Bc4 19. Rhb1 Nxg3 20. hxg3 g4 21. Ne1 e5 22. b5 axb5 23. Nxb5 Ra8 24. Nc3 Rxa1 25. Rxa1 f5 26. Nc2 exd4 27. exd4 Bg5+ 28. Ne3 f4 29. gxf4 Bxf4 30. g3 Bg5 31. Nd1 b6 32. Ra7+ Kc6 33. cxb6 Kxb6 34. Rg7 h6 35. Kc3 Rc8 36.
Rg6+ Kb5 37. Kd2 Bb3 38. Nc3+ Kb4 39. Rb6+ Ka3 40. Kd3 Bc4+ 41. Nxc4+ dxc4+ 42. Kc2 Rf8 43. Ra6+ Kb4 44. Ra4# 1-0

[Event "Early-Titled-Tuesday-Blitz-January-23-2024"]
[Site "Chess.com"]
[Date "2024.01.23"]
[Round "8"]
[White "DarkAlekhine"]
[Black "Ural_bogatyr"]
[Result "1-0"]
[WhiteElo "2704"]
[BlackElo "2530"]
[TimeControl "180+1"]
[EndTime "9:27:16 PST"]
[Termination "DarkAlekhine won by resignation"]

1. e4 e5 2. Nf3 Nc6 3. Bc4 Bc5 4.
d3 Nf6 5. c3 a6 6. Bb3 Ba7 7. h3 d6 8. Bc2 O-O 9. O-O Ne7 10. d4 Ng6 11. Re1 h6 12. Nbd2 c6 13. Nf1 Re8 14. Ng3 Be6 15. Be3 a5 16. Qd2 Kh7 17. Rad1 Qc7 18. Nf5 Ng8 19. g3 Rad8 20. h4 f6 21. h5 N6e7 22. N3h4 Nxf5 23. exf5 Bf7 24. Qe2 e4 25. Qg4 d5 26. Bf4 Qd7 27.
Kh2 Bb8 28. Bxb8 Rxb8 29. f3 exf3 30. Nxf3 b5 31. Ne5 Qc7 32. Qg6+ Bxg6 33. fxg6+ Kh8 34. Nf7+ Qxf7 35. gxf7 Rxe1 36. fxg8=Q+ Kxg8 37. Rxe1 Kf8 38. Bg6 a4 39. a3 Rc8 40. g4 Rd8 41. Kg3 Rc8 42.
Kf4 Rd8 43. Re6 Rc8 44. Kf5 c5 45. dxc5 1-0

[Event "Early-Titled-Tuesday-Blitz-January-23-2024"]
[Site "Chess.com"]
[Date "2024.01.23"]
[Round "8"]
[White "JonasEilenberg"]
[Black "samirliberec"]
[Result "1-0"]
[WhiteElo "2580"]
[BlackElo "2370"]
[TimeControl "180+1"]
[EndTime "9:27:17 PST"]
[Termination "JonasEilenberg won by resignation"]

1. d4 Nf6 2. Bf4 c5 3. d5 d6 4. Nc3 g6 5. e4 a6 6. a4 Bg7 7.
Bc4 O-O 8. Nge2 Nh5 9. Be3 f5 10. Qd2 Nd7 11. exf5 gxf5 12. Nf4 Nxf4 13. Bxf4 Ne5 14.
Be2 Qe8 15. h4 Bd7 16. h5 b5 17. h6 Bf6 18. axb5 axb5 19. Rxa8 Qxa8 20. O-O b4 21. Bxe5 dxe5 22. Nd1 f4 23. Bc4 Kh8 24. f3 Rg8 25. Nf2 Bf5 26. Rd1 Bh4 27. Qe2 Qb8 28.
d6 Re8 29. Qxe5+ Bf6 30. Qxf5 1-0

[Event "Early-Titled-Tuesday-Blitz-January-23-2024"]
[Site "Chess.com"]
[Date "2024.01.23"]
[Round "8"]
[White "Sam_ChessMood"]
[Black "Denis_Makhnyov"]
[Result "1-0"]
[WhiteElo "2937"]
[BlackElo "3017"]
[TimeControl "180+1"]
[EndTime "9:27:18 PST"]
[Termination "Sam_ChessMood won on time"]

1. d4 d5 2. c4 e6 3. Nc3 c6 4.
Nf3 dxc4 5. g3 b5 6. Bg2 Bb7 7. O-O Nd7 8. e4 Ngf6 9. e5 Nd5 10. Ng5 N7b6 11. Qh5 Qd7 12. Nce4 h6 13. Nc5 g6 14.
Qh3 Qc7 15. Nge4 O-O-O 16. a4 Kb8 17. Bd2 Nd7 18. Rfc1 Be7 19. axb5 cxb5 20. Ba5 N5b6 21. Nxb7 Qxb7 22. Nd6 Qa6 23. Nxf7 Rhf8 24. Qxe6 Nc8 25.
Qxa6 1-0

[Event "Early-Titled-Tuesday-Blitz-January-23-2024"]
[Site "Chess.com"]
[Date "2024.01.23"]
[Round "8"]
[White "secretsuperstar7"]
[Black "Martial2008"]
[Result "0-1"]
[WhiteElo "2507"]
[BlackElo "2662"]
[TimeControl "180+1"]
[EndTime "9:27:18 PST"]
[Termination "Martial2008 won by checkmate"]

1. c4 Nf6 2. Nc3 e5 3. d3 Bb4 4. g3 O-O 5. Bg2 Bxc3+ 6. bxc3 d6 7. Nf3 Nc6 8. O-O Bf5 9. a4 Qd7 10. Rb1 b6 11. Re1 Bh3 12. Bh1 Rad8 13. Bg5 Qf5 14.
e4 Qg6 15. d4 h6 16. Bh4 Bg4 17. Qd3 Rfe8 18. Nd2 Rd7 19. Nf1 Nh7 20. Ne3 Qh5 21. Bg2 g5 22. h3 Be6 23. d5 Ne7 24. dxe6 fxe6 25. g4 Qxh4 26. Nf1 Ng6 27. Nh2 Nf4 28.
Qe3 Rf7 29. Bf1 Ref8 30. Rb2 h5 31. Nf3 Nxh3+ 32. Bxh3 Qxh3 33. Nh2 hxg4 34. Qxh3 gxh3 35. Ng4 Kg7 36. Kh2 Nf6 37. Kxh3 Nxg4 38. Kxg4 Rf4+ 39. Kxg5 Rh8 40. Rg1 Rfh4 41. f4 R8h5# 0-1

[Event "Early-Titled-Tuesday-Blitz-January-23-2024"]
[Site "Chess.com"]
[Date "2024.01.23"]
[Round "8"]
[White "R2D2PTY"]
[Black "stepanosinovsky"]
[Result "1-0"]
[WhiteElo "2268"]
[BlackElo "2361"]
[TimeControl "180+1"]
[EndTime "9:27:18 PST"]
[Termination "R2D2PTY won on time"]

1. e4 e5 2. Nf3 Nc6 3. Bc4 Nf6 4. Ng5 d5 5. exd5 b5 6. Bf1 Nd4 7. c3 Nxd5 8. cxd4 Qxg5 9. Bxb5+ Kd8 10. O-O Rb8 11. Bc6 Nf4 12. dxe5 Rb6 13. Bf3 Rg6 14. d4 h5 15. Qd2 Nh3+ 16. Kh1 Qf5 17. Qe3 Ng5 18. Be2 Bb7 19. f3 Qd7 20. Bd3 Ne6 21. Bxg6 fxg6 22. Rd1 h4 23. d5 h3 24. Nc3 hxg2+ 25.
Kxg2 Nd4 26. e6 1-0

[Event "Early-Titled-Tuesday-Blitz-January-23-2024"]
[Site "Chess.com"]
[Date "2024.01.23"]
[Round "8"]
[White "hakanazeri2"]
[Black "Nekoo04"]
[Result "1-0"]
[WhiteElo "2581"]
[BlackElo "2379"]
[TimeControl "180+1"]
[EndTime "9:27:19 PST"]
[Termination "hakanazeri2 won by resignation"]

1. c4 Nf6 2. Nf3 e6 3. g3 d5 4. Bg2 dxc4 5. O-O c5 6. Na3 Nc6 7. Nxc4 Be7 8. b3 O-O 9. Bb2 Bd7 10. d4 cxd4 11. Nxd4 Rc8 12. Nb5 Na5 13. Nxa5 Qxa5 14. Nd6 Rc7 15. Nc4 Qa6 16. Be5 Rc5 17. Bxf6 Bxf6 18.
Qxd7 Bxa1 19. Rxa1 b5 20. Bb7 Qxb7 21. Qxb7 bxc4 22.
bxc4 Rxc4 23. Qxa7 h5 24. h4 Rc3 25. a4 Rc2 26. a5 Rxe2 27. a6 Rc8 28. Qd7 Rcc2 29. a7 Rxf2 30. a8=Q+ Kh7 31. Qe4+ f5 32. Ra7 1-0

[Event "Early-Titled-Tuesday-Blitz-January-23-2024"]
[Site "Chess.com"]
[Date "2024.01.23"]
[Round "8"]
[White "1mbl4"]
[Black "KevinGeorgeMicheal"]
[Result "1-0"]
[WhiteElo "2580"]
[BlackElo "2359"]
[TimeControl "180+1"]
[EndTime "9:27:19 PST"]
[Termination "1mbl4 won on time"]

1. e4 e5 2. Nf3 Nc6 3. Nc3 Nf6 4. g3 Bc5 5. Bg2 d6 6. O-O a6 7. d3 h6 8. Be3 Ba7 9. h3 O-O 10. d4 exd4 11. Nxd4 Bd7 12. Qd2 Re8 13. Rad1 Nxd4 14. Bxd4 Bc6 15. Rfe1 Bxd4 16. Qxd4 Qe7 17. f4 Rad8 18. a3 b5 19. Kh2 Ba8 20. Qa7 c5 21.
Qxe7 Rxe7 22. e5 Bxg2 23. Kxg2 Ne8 24. Nd5 Rb7 25. f5 b4 26. a4 a5 27. e6 fxe6 28.
fxe6 Nf6 29. Nf4 d5 30. Re5 d4 31. Rxc5 b3 32. c3 Ne4 33. Rxa5 1-0

[Event "Early-Titled-Tuesday-Blitz-January-23-2024"]
[Site "Chess.com"]
[Date "2024.01.23"]
[Round "8"]
[White "aghasiyevkamal"]
[Black "Logman74"]
[Result "1-0"]
[WhiteElo "2625"]
[BlackElo "2480"]
[TimeControl "180+1"]
[EndTime "9:27:19 PST"]
[Termination "aghasiyevkamal won on time"]

1. e4 c5 2. Nf3 d6 3. Bb5+ Bd7 4. Bxd7+ Qxd7 5. c4 Nc6 6. Nc3 Nf6 7. d4 cxd4 8. Nxd4 g6 9. f3 Bg7 10. Be3 O-O 11.
O-O Rfc8 12. b3 Qd8 13. Rc1 Nd7 14. Qd2 a6 15. Nxc6 bxc6 16. Na4 Qc7 17. f4 c5 18. Nc3 Nf6 19. Qe2 Qb7 20. f5 Nxe4 21. Qf3 Bxc3 22. Rxc3 Rf8 23. Bh6 d5 24. fxg6 hxg6 25. Bxf8 Rxf8 26.
Rd3 d4 27. Qf4 Qc6 28. Qh6 Nf6 29. Rh3 Nh5 30. Qg5 Kh7 31. Qxe7 Kg8 32. Rhf3 1-0